← All builds
Pond / Armada / Economy first / OBSERVED BUILD

Standard pond

Standard Pond play: fast Bot Lab and early boosting into Advanced Metal Extractor, sending Tick/Pawn/Blitz to front while tidal-boosting allies throughout.

#eco #team support · 448 distinct matches · 96 players · 59% of Armada Pond games · team won 50% of 510 · Recently observed

HOW TO PLAY IT

Key timing: Bot Lab by 5:42

  1. Open tidal, then wind to start boosting front's economy.
  2. Take mex and keep boosting wind or tidal depending on front's needs.
  3. Get a Bot Lab up, start sending Tick and Pawn to front.
  4. Add Advanced Metal Extractor to scale up team's economy.
  5. Switch to tick spam if enemy reaches T2 front before you do.

Phase by phase

TYPICAL OF ITS 448 GAMES
  1. 1
  2. 2
PLAY THE OPENING

Follow the example game's first 6:00 step by step: what to build now, what comes next, and where it goes. At 1× it keeps pace with your own game.

  1. 1

    Up to the Bot Lab

    Economy
    • Metal Extractor4Mex
    • Wind Turbine10Wind
    • Tidal Generator8Tidalfor allies
    • Tidal Generator1Tidal
    • Energy Storage1Energy storage
    Order
    1. Bot LabBot Lab after 4 mex, 10 wind, 1 energy storagedone ~5:40, middle half 3:31–7:01

    Some games also: converter (44%)

    By 5:10 in all: 4 mex · 10 wind · 1 tidal · 1 energy storage

    The example game in this phase · 22 steps
    1. Tidal ×8for Front
    2. Tidal
    3. Wind
    4. Mex ×3
    5. Wind
    6. Mex
    7. Wind ×2
    8. Energy storage
    9. Wind ×3
    10. Energy storagefor Front
    11. Wind ×4
    12. Mex ×2for Front
    13. SentrySentry
    14. Radar TowerRadar Tower
    15. Advanced Metal ExtractorT2 mex ×2done 8:20 · typical 9:56
    16. SentrySentry ×2
    17. Advanced Metal ExtractorT2 mex
    18. SentrySentry ×2
    19. Advanced Metal ExtractorT2 mex
    20. Mexfor Front
    21. SentrySentry
    22. Bot LabBot Labdone 10:42 · typical 5:40
  2. 2

    Bot Lab to 10:00

    Economy
    • Wind Turbine16Wind
    Builders
    • Construction Turret1 Con turret
    • Construction Bot2 Con bot

    Some games also: tick (49%) · Lazarus (48%) · converter (43%)

    By 10:00 in all: 4 mex · 31 wind · 1 tidal · 4 converter · 1 energy storage · 2 con turret

    The example game in this phase · 77 steps
    1. PawnPawn ×2
    2. Radar TowerRadar Tower
    3. PawnPawn ×3
    4. Construction BotCon bot
    5. PawnPawn ×2
    6. Wind
    7. PawnPawn
    8. Con turret
    9. PawnPawn
    10. Wind
    11. PawnPawn ×2
    12. Wind ×2
    13. PawnPawn
    14. SentrySentry
    15. Wind ×2
    16. PawnPawn
    17. Con turret
    18. Wind ×2
    19. PawnPawn
    20. Wind
    21. PawnPawn
    22. Wind
    23. Con turret
    24. SentrySentry
    25. PawnPawn
    26. Wind ×2
    27. PawnPawn ×2
    28. SentrySentry
    29. PawnPawn ×2
    30. Wind ×2
    31. PawnPawn ×4
    32. Wind
    33. Converter
    34. PawnPawn ×4
    35. Wind
    36. PawnPawn ×3
    37. Wind
    38. PawnPawn
    39. Converter
    40. PawnPawn
    41. Wind
    42. PawnPawn
    43. Wind ×2
    44. PawnPawn
    45. Construction BotCon bot
    46. PawnPawn
    47. Wind
    48. PawnPawn
    49. Wind ×3
    50. PawnPawn
    51. Wind ×2
    52. PawnPawn
    53. Wind ×4
    54. PawnPawn
    55. Wind ×2
    56. PawnPawn
    57. Wind ×3
    58. PawnPawn
    59. Vehicle PlantVehicle Plantdone 14:52
    60. Wind ×2
    61. PawnPawn
    62. Con turret ×2
    63. Wind
    64. Con turret
    65. Converter
    66. Wind
    67. PawnPawn
    68. Wind ×2
    69. PawnPawn
    70. Wind ×2
    71. PawnPawn
    72. Wind
    73. Construction VehicleCon vehicle
    74. PawnPawn
    75. Wind
    76. Converter
    77. PawnPawn

Counts are medians over the build's games: half of them build more, half fewer. The example game is AlRelSoulfire's (50 OS, 12/08/2026); pick another.

Team trades

IN AT LEAST 30% OF ITS GAMES

You hand over

  • Tidal Generator8 Tidal to Suicide front or Frontfirst at 0:10 · in 90% of games

You get

  • Hercules1 Light transport from Air or Techfirst at 4:26 · in 31% of games
  • Hephaestus1 Heavy transport from Air or Techfirst at 4:41 · in 38% of games
  • Fatboy1 Fatboy from Techfirst at 4:59 · in 40% of games
  • Sharpshooter2 Sniper bot from Techfirst at 5:15 · in 42% of games
  • Advanced Construction Bot1 T2 con bot from Techfirst at 8:17 · in 92% of games

How it plays out

Typical game of this build, running totals by minute

Metal produced

010k20k
0:005:0010:0015:00

metal

Enemy metal destroyed

02k4k6k
0:005:0010:0015:00

metal

Own metal lost

02k4k
0:005:0010:0015:00

metal

510 games.

Show as table
ByMetal produced: This buildEnemy metal destroyed: This buildOwn metal lost: This build
1:0011500
2:0027300
3:0081700
4:00151000
5:00223100
6:00298500
7:0038414800
8:0047421276148
9:0056932025379
10:0068722865720
11:00833433171188
12:001029036841616
13:001259342621966
14:001491447802454
15:001745653243030
WHAT THE NUMBERS SAY

This is the role's standard support job, winning slightly under half its games while contributing modest kills for modest losses.

  • + Keeps own losses fairly low relative to kills (2827 destroyed vs 756 lost by 10:00).
  • + Reaches T2 constructor reliably (89% of games) by 8:10.
  • − Metal production trails other roles at 6855 by 10:00.
  • − No kills registered by 5:00, slow to impact the fight.
THE EXAMPLE YOU ARE READING

AlRelSoulfire

50.0 OS · 12/08/2026

Open source match ↗

6 received units · includes a constructor
1095 metal received · 97357 energy received

Allied construction assistance is unknown. Timings are observations, not a promise of solo reproducibility.

Typical milestones

Bot Lab5:40Middle 50%: 3:31–7:01 · n=459
Advanced Metal Extractor9:56Middle 50%: 9:01–10:38 · n=460

Played most by

Viltrum41games of this buildTeaner35games of this buildUsurpeR24games of this buildzeus_on_god24games of this buildRogShotz20games of this build